 Dungeon Crawl Stone Soup version 0.31.0-12-g77e489cdc1 (webtiles) character file.

Game seed: 2831773020077558753

458 Maffolandro the Covered (level 6, 0/79 HPs)
             Began as an Armataur Fighter on Feb 18, 2024.
             Was a Follower of Okawaru.
             Slain by Pikel
             ... wielding a +1 whip of electrocution
              (7 damage)
             ... on level 4 of the Dungeon.
             The game lasted 00:12:25 (3803 turns).

Maffolandro the Covered (Armataur Fighter)          Turns: 3803, Time: 00:12:25

Health: 0/79       AC: 23    Str: 21    XL:     6   Next: 77%
Magic:  6/6        EV:  1    Int:  8    God:    Okawaru [*.....]
Gold:   85         SH:  5    Dex: 12    Spells: 5/5 levels left

rFire   + . .        j - +4 short sword
rCold   . . .        c - +0 buckler
rNeg    . . .        r - melded +0 scale mail
rPois   +            (helmet currently unavailable)
rElec   .            v - melded +0 cloak
rCorr   .            n - melded +1 pair of gloves
SInv    .            (no barding)
Will    .....        (no amulet)
Stlth   +            e - ring of poison resistance
HPRegen 0.33/turn    m - ring of protection from fire
MPRegen 0.10/turn

%: roll
@: tree-form
A: stationary, stasis, torment immunity, boosted hp, large, (deformed body),
(tough skin 3), (armoured tail), roll 1
a: Renounce Religion, Heroism


You were on level 4 of the Dungeon.
You worshipped Okawaru.
Okawaru was aware of your devotion.
You were a tree.
You visited 2 branches of the dungeon, and saw 5 of its levels.

You collected 235 gold pieces.
You spent 150 gold pieces at shops.

Inventory:

Hand Weapons
 a - a +0 flail
 b - a +0 whip
 j - a +4 short sword (weapon)
Missiles
 y - 3 boomerangs (quivered)
Armour
 c - a +0 buckler (worn)
 n - a +1 pair of gloves (melded)
 r - a +0 scale mail (melded)
 v - a +0 cloak (melded)
Jewellery
 e - a ring of poison resistance (left branch)
 m - a ring of protection from fire (right branch)
 o - a ring of protection from cold
 s - an amulet of the acrobat
Scrolls
 f - a scroll of immolation {unknown}
 g - a scroll of vulnerability {unknown}
 h - 5 scrolls of identify {unknown}
 i - a scroll of enchant weapon {unknown}
 k - a scroll of amnesia {unknown}
 q - a scroll of teleportation {unknown}
 u - a scroll of blinking
 x - a scroll of fog {unknown}
Potions
 d - a potion of might
 l - a potion of curing {unknown}
 p - a potion of lignification
 t - a potion of mutation {unknown}
 w - a potion of attraction {unknown}


   Skills:
 + Level 4.4 Fighting
 - Level 2.0 Maces & Flails
 * Level 3.6 Throwing
 + Level 5.5 Armour
 - Level 4.0 Shields


You had 5 spell levels left.
You didn't know any spells.
Your spell library contained the following spells:

 Spells                   Type           Power      Damage    Failure   Level
 Sting                    Conj/Alch      0%         1d3       47%         1
 Cigotuvi's Dreadful Rot  Necr/Alch/Air  0%         N/A       63%         2
 Lesser Beckoning         Tloc           0%         N/A       63%         2
 Mercury Vapours          Alch/Air       0%         N/A       63%         2
 Sublimation of Blood     Necr           0%         N/A       63%         2
 Frozen Ramparts          Ice            0%         1d1       85%         3
 Gell's Gravitas          Tloc           0%         N/A       85%         3
 Ozocubu's Armour         Ice            0%         N/A       85%         3
 Teleport Other           Tloc           0%         N/A       85%         3
 Ignite Poison            Fire/Alch      0%         N/A       99%         4
 Leda's Liquefaction      Alch/Erth      0%         N/A       99%         4
 Olgreb's Toxic Radiance  Alch           0%         N/A       99%         4
 Petrify                  Alch/Erth      0%         N/A       99%         4
 Freezing Cloud           Conj/Ice/Air   0%         6-21      100%        5
 Metabolic Englaciation   Hex/Ice        0%         N/A       100%        5
 Call Imp                 Summ           Unusable   N/A       N/A         2
 Sculpt Simulacrum        Ice/Alch       Unusable   N/A       N/A         6
 Summon Hydra             Summ           Unusable   N/A       N/A         7

Dungeon Overview and Level Annotations

Branches:
Dungeon (4/15)             Temple (1/1) D:4

Altars:
Ashenzari
Cheibriados
Dithmenos
Kikubaaqudgha
Nemelex Xobeh
Okawaru
Qazlal
Sif Muna
Trog
Uskayaw
Wu Jian
Xom
Zin

Shops:
D:3 ?

Annotations:
D:4 Pikel


Innate Abilities, Weirdness & Mutations

You are a tree.
Your roots penetrate the ground, keeping you stationary.
You cannot be teleported.
You are immune to unholy pain and torment.
Your maximum health is greatly increased.
Your equipment is partially melded.
((Armour fits poorly on your strangely shaped body.))
((You have extremely tough skin. (AC +3)))
((You have a long armoured tail.))
You regenerate magic when rolling toward enemies. (Rampage MPRegen)


Message History

You hit Pikel.
Pikel is heavily wounded.
Pikel hits you but does no damage.
You closely miss Pikel.
Pikel is heavily wounded.
Pikel hits you but does no damage.
You closely miss Pikel.
Pikel is heavily wounded.
Pikel closely misses you.
You completely miss Pikel.
Pikel is heavily wounded.
Pikel hits you with a +1 whip of electrocution.
* * * LOW HITPOINT WARNING * * *
Unknown command.
You barely miss Pikel.
Pikel is heavily wounded.
Pikel hits you but does no damage.
Unknown command.
You hit Pikel. You tail-slap Pikel!
Pikel is severely wounded.
You block Pikel's attack.
Unknown command.
It was a potion of lignification.
You turn into a tree.
Your +0 cloak melds into your body.
Your +1 pair of gloves melds into your body.
Your +0 scale mail melds into your body.
Your roots penetrate the ground.
Pikel hits you with a +1 whip of electrocution.
* * * LOW HITPOINT WARNING * * *
You hit Pikel but do no damage.
Pikel is severely wounded.
Pikel hits you but does no damage.
You closely miss Pikel.
Pikel is severely wounded.
Pikel hits you but does no damage.
You hit Pikel.
Pikel is almost dead.
Pikel hits you with a +1 whip of electrocution!
You die...
Pikel says, "See you in Hell!"

#............#
###......#.### ###.#.##...#
....#.##.### ## ##....##.#
###.# ##.#.###.# #...#
##...# #.# #...# ....## #.#
###..####### o#..#
##.#####..♣#......## ..<##
#..##.....K........## .###
#.###.###>..........#
o######.##..##............#
5...)......###)#.....†....#
.######.######.#..........#
## ##.##.....#..........#
#..##K######........##
#.###.# ##........##


You could see Pikel.

Vanquished Creatures
  Eustachio (D:3)
  A black bear (D:4)
  4 lemures
  A hound (D:4)
  An orc priest (D:3)
  Jessica (D:3)
  2 orc wizards (D:2)
  3 adders
  2 dart slugs
  A ribbon worm (D:2)
  8 orcs
  8 ball pythons
  6 bats
  2 endoplasms
  4 giant cockroaches
  3 hobgoblins
  4 jackals (D:3)
  7 kobolds
  2 quokkas
  2 frilled lizards
  4 goblins
  A rat (D:1)
68 creatures vanquished.

Notes
Turn   | Place    | Note
-------+----------+-------------------------------------------
     0 | D:1      | Maffolandro the Armataur Fighter began the quest for the
                  | Orb.
     0 | D:1      | Reached XP level 1. HP: 18/18 MP: 1/1
   473 | D:1      | Reached XP level 2. HP: 26/26 MP: 2/2
  1158 | D:2      | Reached skill level 4 in Armour
  1183 | D:2      | Found a faded altar of an unknown god.
  1373 | D:2      | Reached XP level 3. HP: 28/31 MP: 3/3
  2017 | D:2      | Reached skill level 1 in Throwing
  2017 | D:2      | Reached XP level 4. HP: 20/39 MP: 4/4
  2228 | D:3      | Reached XP level 5. HP: 40/46 MP: 5/5
  2350 | D:3      | Found Taluv's Magic Scroll Shoppe.
  2353 | D:3      | Bought a scroll of fear for 48 gold pieces
  2353 | D:3      | Bought a scroll of blinking for 90 gold pieces
  2353 | D:3      | Bought a scroll of noise for 12 gold pieces
  2402 | D:3      | Noticed Jessica
  2426 | D:3      | Killed Jessica
  2783 | D:4      | Noticed a lemure
  2783 | D:4      | Noticed a lemure
  2783 | D:4      | Noticed a lemure
  2796 | D:4      | Noticed Eustachio
  2799 | D:4      | Found a staircase to the Ecumenical Temple.
  2832 | Temple   | Entered the Ecumenical Temple
  2843 | Temple   | Became a worshipper of Warmaster Okawaru
  2901 | D:4      | Killed a lemure
  2986 | D:4      | Noticed Pikel
  3014 | D:4      | Noticed a lemure
  3114 | D:3      | Killed a lemure
  3317 | D:3      | Killed Eustachio
  3318 | D:3      | Reached skill level 5 in Armour
  3318 | D:3      | Reached XP level 6. HP: 34/52 MP: 6/6
  3624 | D:4      | Reached * piety under Okawaru
  3803 | D:4      | Slain by Pikel

Illustrated notes

Levels and vault maps discovered:
D:1:      tarquinn_simple_flora_water_f, layout_basic,
          minmay_misc_feat_enclosed, minmay_hedge_maze
D:2:      layout_basic, ebering_ecumenical_altar_sacrificial
D:3:      layout_loops_cross, serial_shops, nicolae_shop_rolled_up, uniq_jessica
D:4:      layout_rooms, minmay_temple_entry_hall, gammafunk_ghost_mausoleum,
          uniq_pikel, uniq_eustachio, uniq_duvessa
Temple:   nicolae_temple_god_jail

Skill      XL: |  1  2  3  4  5 |
---------------+----------------+-----
Fighting       | 3 4 |  4.4
Armour         | 4 5 |  5.5
Maces & Flails | 2 |  2.0
Throwing       | 1 3 |  3.6
Shields        | 4 |  4.0

Action                     |  1- 3 |  4- 6 || total
---------------------------+-------+-------++-------
  Melee: Flail             |    64 |       ||    64
         Tailslap          |    14 |    30 ||    44
         Whip              |    70 |    94 ||   164
         Short sword       |       |   133 ||   133
  Throw: Dart              |       |     5 ||     5
         Boomerang         |       |     2 ||     2
 Invoke: Heroism           |       |     1 ||     1
    Use: Scroll            |       |     1 ||     1
         Potion            |       |     1 ||     1
 Armour: Scale mail        |    95 |   221 ||   316
         Skin              |       |     4 ||     4
  Dodge: Dodged            |    37 |    89 ||   126
  Block: Buckler           |    19 |    59 ||    78
